 Dungeon Crawl Stone Soup version 0.20-a0-1040-gfd09691 (webtiles) character file.

24 Gorglomux the Cudgeler (level 3, 0/27 HPs)
             Began as a Formicid Warper on Apr 23, 2017.
             Slain by a gnoll
             ... wielding a +0 spear
              (6 damage)
             ... on level 1 of the Dungeon.
             The game lasted 00:02:17 (1293 turns).

Gorglomux the Cudgeler (Formicid Warper)            Turns: 1293, Time: 00:02:18

Health: 0/27       AC:  3    Str: 15    XL:     3   Next: 15%
Magic:  6/6        EV: 11    Int: 13    God:
Gold:   28         SH:  0    Dex: 10    Spells: 6/6 levels left

rFire    . . .     SeeInvis +   a - +0 mace
rCold    . . .     Gourm    +   (no shield)
rNeg     . . .     Faith    .   b - +0 leather armour
rPois    .         Spirit   .   (helmet unavailable)
rElec    .         Reflect  .   (no cloak)
rCorr    .         Harm     .   (no gloves)
MR       .....                  (no boots)
Stlth    +.........             m - amulet of the gourmand {Gourm, !d}
Regen    0.1/turn               (no ring)
MPRegen  0.1/turn               (no ring)

@: no status effects
A: permanent stasis, dig shafts and tunnels, four strong arms, antennae 3
a: Dig, Shaft Self


You were on level 1 of the Dungeon.
You were not hungry.

You visited 1 branch of the dungeon, and saw 2 of its levels.

You collected 28 gold pieces.

Inventory:

Hand Weapons
 a - a +0 mace (weapon)
Missiles
 e - 5 tomahawks of dispersal {=f}
Armour
 b - a +0 leather armour (worn)
Jewellery
 m - an amulet of the gourmand (around neck) {Gourm, !d}
   (You found it on level 1 of the Dungeon)
Scrolls
 d - a scroll of blinking {!r}
 h - 2 scrolls of identify {unknown}
 k - a scroll of recharging {unknown}
 l - a scroll of magic mapping {unknown}
Potions
 g - a potion of might {unknown}
 i - a potion of curing {unknown}
 j - a potion of haste {unknown}
Books
 c - a book of Spatial Translocations
Comestibles
 f - a bread ration {@e1@e1}


   Skills:
 - Level 2.1 Fighting
 + Level 3.4 Maces & Flails
 - Level 1.0 Throwing
 - Level 1.1 Armour
 - Level 1.7 Dodging
 - Level 2.1 Spellcasting
   Level 2.6 Translocations


You had 6 spell levels left.
You didn't know any spells.

Dungeon Overview and Level Annotations

Branches:
Dungeon (2/15)

Altars:


Innate Abilities, Weirdness & Mutations

You cannot be hasted, slowed, berserked, paralysed or teleported.
You can dig through walls and to a lower floor.
Your four strong arms can wield two-handed weapons with a shield.
You have a pair of large antennae on your head. (SInv)


Message History

You closely miss the frilled lizard. The frilled lizard closely misses you.
The frilled lizard bites you but does no damage.
You miss the frilled lizard. The frilled lizard closely misses you.
You thump the frilled lizard!
You kill the frilled lizard!
Things that are here:
a frilled lizard corpse; a rat corpse You butcher the frilled lizard corpse.
l - a chunk of flesh {@w0@w0} You see here a rat corpse.
You start resting.
Eating a chunk of flesh {@w0@w0}.
You eat the chunk of flesh {@w0@w0}.
You butcher the rat corpse.
l - a chunk of flesh {@w0@w0} Health restored: 22 There isn't anything here!
You start waiting.
Done waiting.
A goblin comes into view.
Unknown command.
A goblin is nearby!
The goblin shouts!
You closely miss the goblin. The goblin closely misses you.
You barely miss the goblin. The goblin misses you. x2
All of the chunks of flesh in your inventory have rotted away.
You hit the goblin. The goblin hits you.
You take 3 damage, and have 19/22 hp.
You hit the goblin.
You kill the goblin!
You have reached level 3!
Your experience leads to an increase in your attributes!
Increase (S)trength, (I)ntelligence, or (D)exterity?
You feel clever.
You regained 5 hp, and now have 24/27 hp.
MP restored: 6
l - a scroll labeled JIARAE ZACEWK You see here a goblin corpse.
m - a tiny brass amulet You regained 2 hp, and now have 26/27 hp.
You fall through a shaft!
The shaft crumbles and collapses.
Health restored: 27 Unknown command.
You open the door.
Found a stone staircase leading down.
There is an open door here.
A worm comes into view.
Found a stone staircase leading up.
The worm bites you.
You take 4 damage, and have 23/27 hp.
You barely miss the worm. You hit the worm. The worm closely misses you.
You barely miss the worm. The worm bites you.
You take 2 damage, and have 22/27 hp.
You hit the worm.
Unknown command.
You sock the worm! The worm closely misses you.
You hit the worm but do no damage. The worm misses you.
You sock the worm!
You kill the worm!
No target in view!
No target in view!
There is a stone staircase leading up here.
You climb upwards.
There is a stone staircase leading down here.
You see here a stone.
You see here a stone.
You open the door.
There is an open door here.
There is an open door here.
The gnoll shouts!
The gnoll is too close now for your liking.
Health restored: 27 A gnoll is nearby!
A gnoll is nearby!
A gnoll is nearby!
You aren't carrying any items that you can evoke.
Unknown command.
Put on which piece of jewellery? (? for menu, Esc to quit)
You feel a craving for the dungeon's cuisine.
m - an amulet of the gourmand (around neck)
Okay, then.
Okay, then.
Okay, then.
The gnoll closely misses you.
You hit the gnoll but do no damage. The gnoll completely misses you.
The gnoll hits you with a spear.
You take 5 damage, and have 22/27 hp.
You hit the gnoll. The gnoll hits you with a spear.
You take 5 damage, and have 17/27 hp.
You barely miss the gnoll. The gnoll hits you with a spear.
You take 2 damage, and have 15/27 hp.
You closely miss the gnoll. The gnoll hits you with a spear.
You take 5 damage, and have 10/27 hp.
You hit the gnoll. The gnoll hits you with a spear.
* * * LOW HITPOINT WARNING * * *
The gnoll hits you but does no damage.
You take 4 damage, and have 6/27 hp.
The gnoll hits you from afar with a spear.
You die...

#....#..#.......##......
#....#..#.......#.......
####'#..#.......##....#.
####......).#......##..####
#................#..#.## #
#.##........####.#..#..#
#.##....g.....##....##.##
#.##........#...##...#..##
#.##......@.#...#...)##..##
#.##...####...........##...
#..'....# #............###.
####....###.........#...###
#.......####.....#....##
########.........##......
#......#.................
#......#.................
#......#...............#.


You could see a gnoll.

Vanquished Creatures
  A worm (D:2)
  A dart slug (D:2)
  A giant cockroach (D:1)
  2 goblins (D:1)
  5 hobgoblins (D:1)
  3 kobolds
  2 frilled lizards (D:1)
  3 rats
18 creatures vanquished.

Notes
Turn   | Place    | Note
-------+----------+-------------------------------------------
     0 | D:1      | Gorglomux the Formicid Warper began the quest for the Orb.
     0 | D:1      | Reached XP level 1. HP: 16/16 MP: 3/3
   148 | D:1      | Reached XP level 2. HP: 19/22 MP: 5/5
   454 | D:2      | Reached skill level 3 in Maces & Flails
  1143 | D:1      | Reached XP level 3. HP: 24/27 MP: 6/6
  1189 | D:1      | You fall through a shaft!
  1292 | D:1      | HP: 6/27 [gnoll/spear (5)]
  1293 | D:1      | Slain by a gnoll

Vault maps used:
D:1:      dpeg_arrival_round_b, tso_altar
D:2:      overflow_temple_1_default, uniq_terence

Skill      XL: |  1  2 |
---------------+-------+-----
Maces & Flails | 3 |  3.4
Fighting       | |  2.1
Throwing       | |  1.0
Armour         | |  1.1
Dodging        | |  1.7
Spellcasting   | |  2.1
Translocations | |  2.6

Action                   || total
-------------------------++-------
Melee: Mace              ||    82
 Abil: Dig               ||     1
  Eat: Chunk             ||     1
Armor: Leather armour    ||    22
Dodge: Dodged            ||    49

Vault maps used:
D:1:      dpeg_arrival_round_b, tso_altar
D:2:      overflow_temple_1_default, uniq_terence

Table legend:
 A = Turns spent in this place as a percentage of turns spent in the entire game.
 B = Non-inter-level travel turns spent in this place as a percentage of non-inter-level travel turns spent in the entire game.
 C = Inter-level travel turns spent in this place as a percentage of turns spent in this place.
 D = Turns resting spent in this place as a percentage of non-inter-level travel turns spent in this place.
 E = Turns spent auto-exploring this place as a percentage of non-inter-level travel turns spent in this place.
 F = Non-inter-level travel turns spent in this place divided by the number of levels of this place that you've seen.
                   A       B       C       D       E      F
               +-------+-------+-------+-------+-------+----------------------
         Total | 100.0 | 100.0 |   0.6 |   3.5 |   8.7 | 172.5
       Dungeon | 100.0 | 100.0 |   0.6 |   3.5 |   8.7 | 172.5
               +-------+-------+-------+-------+-------+----------------------

Table legend:
 A = Kills in this place as a percentage of kills in entire the game.
 B = Kills by you in this place as a percentage of kills by you in the entire game.
 C = Kills by friends in this place as a percentage of kills by friends in the entire game.
 D = Other kills in this place as a percentage of other kills in the entire game.
 E = Experience gained in this place as a percentage of experience gained in the entire game.
 F = Experience gained in this place divided by the number of levels of this place that you have seen.
                   A       B       C       D       E      F
               +-------+-------+-------+-------+-------+----------------------
         Total | 100.0 | 100.0 |  -nan |  -nan | 100.0 |  17.5
       Dungeon | 100.0 | 100.0 |  -nan |  -nan | 100.0 |  17.5
               +-------+-------+-------+-------+-------+----------------------
